 Dungeon Crawl Stone Soup version 0.29-a0-384-g6960b1960d (webtiles) character file.

Game seed: 13115609464972785566

13767 jlumianski the Carver (level 11, -8/83 HPs)
             Began as a Demonspawn Fighter on May 7, 2022.
             Was a Priest of Wu Jian.
             Mangled by a boulder beetle (14 damage)
             ... on level 11 of the Dungeon.
             The game lasted 00:54:49 (13229 turns).

jlumianski the Carver (Demonspawn Fighter)         Turns: 13229, Time: 00:54:50

Health: -8/83      AC: 21    Str: 20    XL:     11   Next: 79%
Magic:  11/11      EV:  9    Int: 11    God:    Wu Jian [***...]
Gold:   763        SH:  7    Dex: 28    Spells: 10/10 levels left

rFire   . . .      SeeInvis .   s - +7 falchion "Yzyicarr" {protect, rC- rCorr Str+2 Dex+4}
rCold   x . .      Faith    .   c - +0 buckler
rNeg    . . .      Spirit   .   x - +1 chain mail of Experimentation {Will+}
rPois   +          Reflect  .   g - +0 helmet
rElec   .          Harm     .   L - +0 cloak
rCorr   +          Rampage  .   (no gloves)
Will    +....                   (no boots)
Stlth   +++.......              (no amulet)
HPRegen 0.23/turn               E - +6 ring of dexterity
MPRegen 0.12/turn               v - ring of poison resistance

@: under a protective aura
A: hooves 1, thin skeletal structure 2, ignite blood 1, spiny 2
a: Renounce Religion, Wall Jump, Serpent's Lash


You were on level 11 of the Dungeon.
You worshipped Wu Jian.
Wu Jian was most pleased with you.
You visited 3 branches of the dungeon, and saw 13 of its levels.

You collected 763 gold pieces.

Inventory:

Hand Weapons
 s - the +7 falchion "Yzyicarr" (weapon) {protect, rC- rCorr Str+2 Dex+4}
   (You found it on level 3 of the Dungeon)

   It grants its wielder temporary protection when it strikes (+7 to AC).
   Str:       It affects your strength (+2).
   Dex:       It affects your dexterity (+4).
   rC:        It makes you vulnerable to cold.
   rCorr:     It protects you from acid and corrosion.
 t - a +3 scimitar of flaming
 P - the +8 trident of Guilt {vorpal, rC++ Will+ Int-3 Dex+4}
   (You found it on level 8 of the Dungeon)

   It inflicts extra damage upon your enemies.
   Int:       It affects your intelligence (-3).
   Dex:       It affects your dexterity (+4).
   rC:        It greatly protects you from cold.
   Will:      It increases your willpower.
Missiles
 h - 8 boomerangs (quivered)
 C - 4 curare-tipped darts
 F - a throwing net
 G - 6 javelins
 M - 23 poisoned darts
Armour
 c - a +0 buckler (worn)
 g - a +0 helmet (worn)
 n - an orb of light
 x - the +1 chain mail of Experimentation (worn) {Will+}
   (You took it off a goblin on level 4 of the Dungeon)

   Will:      It increases your willpower.
 H - +0 acid dragon scales
 L - a +0 cloak (worn)
Jewellery
 q - a ring of flight
 v - a ring of poison resistance (right hand)
 E - a +6 ring of dexterity (left hand)
Wands
 i - a wand of flame (30)
 r - a wand of paralysis (6)
 u - a wand of acid (4)
 y - a wand of iceblast (7)
 B - a wand of polymorph (2)
Scrolls
 a - 2 scrolls of fear
 f - 2 scrolls of amnesia
 j - a scroll of fog
 k - 4 scrolls of identify
 m - 3 scrolls of magic mapping
 o - 4 scrolls of enchant weapon
 w - 7 scrolls of teleportation
 z - 2 scrolls of summoning
 R - a scroll of immolation
Potions
 b - a potion of attraction
 d - a potion of magic
 e - a potion of flight
 l - a potion of haste
 p - 4 potions of lignification
 A - a potion of curing
 D - a potion of might
 I - a potion of invisibility


   Skills:
 + Level 6.8 Fighting
 + Level 9.4 Long Blades
 + Level 4.1 Axes
 + Level 1.9 Throwing
 + Level 7.2 Armour
 + Level 2.4 Dodging
 * Level 7.6 Stealth
 + Level 5.5 Shields
 * Level 7.5 Evocations


You had 10 spell levels left.
You didn't know any spells.
Your spell library contained the following spells:

 Spells                   Type           Power      Damage    Failure   Level
 Apportation              Tloc           0%         N/A       98%         1
 Slow                     Hex            0%         N/A       98%         1
 Summon Small Mammal      Summ           0%         N/A       98%         1
 Call Canine Familiar     Summ           0%         N/A       100%        3
 Confusing Touch          Hex            0%         N/A       100%        3
 Summon Guardian Golem    Hex/Summ       0%         N/A       100%        3
 Vampiric Draining        Necr           0%         2d6       100%        3
 Airstrike                Air            0%         N/A       100%        4
 Animate Dead             Necr           0%         N/A       100%        4
 Passage of Golubria      Tloc           0%         N/A       100%        4
 Summon Lightning Spire   Summ/Air       0%         N/A       100%        4
 Alistair's Intoxication  Tmut/Pois      0%         N/A       100%        5
 Lightning Bolt           Conj/Air       0%         1d11      100%        5
 Silence                  Hex/Air        0%         N/A       100%        5
 Haunt                    Necr/Summ      0%         N/A       100%        7
 Infestation              Necr           0%         N/A       100%        8
 Lehudib's Crystal Spear  Conj/Erth      0%         10d2      100%        8


Dungeon Overview and Level Annotations

Branches:
Dungeon (11/15)            Temple (1/1) D:7            Lair (1/6) D:9
    Orc (0/2) D:10

Altars:
Dithmenos
Elyvilon
Kikubaaqudgha
Makhleb
Qazlal
Ru
Sif Muna
Trog
Wu Jian
Xom
Yredelemnul
Zin
Beogh

Shops:
D:7 :

Annotations:
D:7 3 runed translucent doors, jlumianski's ghost, novice DsFi


Innate Abilities, Weirdness & Mutations

You have large cloven feet.
You have a moderately thin skeletal structure. (Dex +4, Stealth++)
Your demonic aura sometimes causes spilled blood to erupt in flames.
You are mostly covered in sharp spines.


Message History

You kick the boulder beetle, but do no damage.
The boulder beetle is heavily wounded.
You slash the boulder beetle!
You kick the boulder beetle, but do no damage.
The boulder beetle is heavily wounded.
The boulder beetle is struck by your spines.
The boulder beetle bites you!!
* * * LOW HITPOINT WARNING * * *
The boulder beetle is struck by your spines.
The boulder beetle bites you but does no damage.
Aiming: Wall Jump
Press: ? - help, Dir - move target You repeatedly attack the boulder beetle from above.
You hit the boulder beetle.
The boulder beetle is severely wounded.
You hit the boulder beetle but do no damage.
You kick the boulder beetle, but do no damage.
The boulder beetle is severely wounded.
The boulder beetle bites you!
* * * LOW HITPOINT WARNING * * *
The boulder beetle bites you.
* * * LOW HITPOINT WARNING * * *
Okay, then.
Okay, then.
Press: ? - help, v - describe, . - travel
Here: a boulder beetle (severely wounded)
The floor, spattered with blood.
Aiming: Wall Jump
Press: ? - help, Dir - move target You repeatedly attack the boulder beetle from above.
You hit the boulder beetle but do no damage.
Your kick misses the boulder beetle.
The boulder beetle is severely wounded.
You hit the boulder beetle but do no damage.
You kick the boulder beetle, but do no damage.
The boulder beetle is severely wounded.
You hit the boulder beetle.
The boulder beetle is severely wounded.
The boulder beetle bites you!
You die...

#.......#........#
#....# #.#
#................#
###### #.#
#.......##.......#
#.#
######'###.......#
.#
###......'.......#
#...###.##.......#
#...###.##.......#
#...'........○####
#...#########°@#
#...# ##B## #####
#°°# ##.# .# ..
#.# .# ..


You could see a boulder beetle.

Vanquished Creatures
  Erolcha (D:11)
  A hydra (D:11)
  3 two-headed ogres
  Sonja (D:10)
  Pikel (D:6)
  2 cyclopes
  A gargoyle (D:10)
  An efreet (D:10)
  A troll (D:11)
  3 hornets
  2 wraiths
  3 yaks (D:9)
  2 vampires
  2 steam dragons
  6 vampire mosquitoes (D:11)
  Menkaure (D:5)
  2 acid dragons
  4 water moccasins
  Duvessa (D:7)
  3 orc warriors
  2 black bears
  4 ogres
  14 centaurs
  A phantom (D:4)
  A lemure (D:7)
  A kobold brigand (D:7)
  2 gnoll sergeants
  7 bullfrogs
  3 scorpions
  3 necrophages
  Dowan (D:7)
  16 killer bees
  3 howler monkeys (D:11)
  2 hounds
  2 jellies
  8 orc priests
  3 iguanas
  Crazy Yiuf (D:5)
  6 orc wizards
  10 gnolls
  11 adders
  A shadow imp (D:6)
  3 white imps
  An ufetubus (D:6)
  2 worms
  4 dart slugs
  46 orcs
  10 ball pythons
  7 bats
  7 endoplasms
  2 giant cockroaches
  11 goblins
  13 hobgoblins
  2 jackals (D:3)
  2 quokkas (D:4)
  3 frilled lizards
  13 kobolds
  4 rats
273 creatures vanquished.

Vanquished Creatures (others)
  33 fungi
  23 plants (D:9)
56 creatures vanquished.

Grand Total: 329 creatures vanquished

Notes
Turn   | Place    | Note
-------+----------+-------------------------------------------
     0 | D:1      | jlumianski the Demonspawn Fighter began the quest for the
                  | Orb.
     0 | D:1      | Reached XP level 1. HP: 18/18 MP: 1/1
   213 | D:2      | Gained mutation: Your demonic aura sometimes causes spilled
                  | blood to erupt in flames. [demonic ancestry]
   213 | D:2      | Reached XP level 2. HP: 13/24 MP: 2/2
  1004 | D:1      | Reached XP level 3. HP: 29/29 MP: 3/3
  2227 | D:3      | You fall into a shaft and drop 1 floor!
  2289 | D:4      | Noticed a scorpion
  2297 | D:3      | Killed a scorpion
  2298 | D:3      | Gained mutation: You are partially covered in sharp spines.
                  | [demonic ancestry]
  2298 | D:3      | Reached XP level 4. HP: 29/35 MP: 4/4
  2327 | D:3      | Found a shadowy altar of Dithmenos.
  2571 | D:3      | Identified the +7 falchion "Yzyicarr" {protect, rC- rCorr
                  | Str+2 Dex+4}
  2622 | D:3      | Gained mutation: You have a somewhat thin skeletal
                  | structure. (Dex +2, Stealth+) [demonic ancestry]
  2622 | D:3      | Reached XP level 5. HP: 41/41 MP: 5/5
  3091 | D:4      | Found an ancient bone altar of Kikubaaqudgha.
  3094 | D:4      | Found a burning altar of Makhleb.
  3481 | D:3      | Reached skill level 1 in Stealth
  3491 | D:3      | HP: 1/38 [orc priest/nerve-wracking pain (10)]
  3493 | D:3      | Reached XP level 6. HP: 2/46 MP: 6/6
  4129 | D:4      | Reached skill level 1 in Long Blades
  4129 | D:4      | Reached skill level 1 in Evocations
  4177 | D:4      | Identified the +1 chain mail of Experimentation {Will+}
  4336 | D:4      | Reached XP level 7. HP: 51/53 MP: 7/7
  4446 | D:5      | Entered Level 5 of the Dungeon
  4546 | D:6      | Reached skill level 2 in Long Blades
  4884 | D:5      | Reached skill level 1 in Throwing
  5014 | D:5      | Found a runed translucent door.
  5015 | D:5      | Noticed Crazy Yiuf
  5099 | D:7      | Found a staircase to the Ecumenical Temple.
  5101 | D:7      | Found Hiarphubb's Book Emporium.
  5113 | Temple   | Entered the Ecumenical Temple
  5128 | Temple   | Became a worshipper of the Wu Jian Council
  5328 | D:7      | Noticed a cyclops
  5331 | D:7      | Reached skill level 3 in Long Blades
  5584 | D:7      | Noticed Duvessa
  5588 | D:7      | Noticed Dowan
  5700 | D:7      | Killed Duvessa
  5701 | D:7      | Gained mutation: You have a moderately thin skeletal
                  | structure. (Dex +4, Stealth++) [demonic ancestry]
  5701 | D:7      | Reached XP level 8. HP: 38/60 MP: 8/8
  5781 | D:8      | Noticed a two-headed ogre
  5786 | D:7      | Killed Dowan
  6178 | D:6      | Reached skill level 4 in Long Blades
  6418 | D:6      | Noticed Menkaure
  6622 | D:5      | Killed Menkaure
  6817 | D:5      | Killed Crazy Yiuf
  6875 | D:6      | Reached skill level 5 in Long Blades
  7368 | D:7      | Noticed Pikel
  7569 | D:6      | Killed a cyclops
  7570 | D:6      | Reached skill level 1 in Dodging
  7570 | D:6      | Reached XP level 9. HP: 57/66 MP: 9/9
  7621 | D:6      | Killed Pikel
  7622 | D:6      | Reached skill level 5 in Armour
  7644 | D:7      | Found a runed translucent gate.
  7645 | D:7      | Found a runed translucent gate.
  7646 | D:7      | Found a runed translucent gate.
  7651 | D:7      | Reached skill level 5 in Stealth
  7652 | D:7      | Noticed jlumianski's ghost (novice DsFi)
  7671 | D:7      | Reached * piety under Wu Jian
  7672 | D:7      | Reached skill level 6 in Long Blades
  7913 | D:8      | Paralysed by a hornet for 2 turns
  8147 | D:7      | Reached skill level 5 in Fighting
  8370 | D:7      | Reached skill level 5 in Evocations
  8712 | D:8      | Gained mutation: You are mostly covered in sharp spines.
                  | [demonic ancestry]
  8712 | D:8      | Reached XP level 10. HP: 74/74 MP: 10/10
  8727 | D:8      | Reached ** piety under Wu Jian
  8799 | D:8      | Identified the +8 trident of Guilt {vorpal, rC++ Will+
                  | Int-3 Dex+4}
  9455 | D:9      | Found a staircase to the Lair.
  9463 | D:9      | Reached skill level 7 in Long Blades
  9558 | Lair:1   | Entered Level 1 of the Lair of Beasts
  9558 | Lair:1   | Noticed a cane toad
  9927 | D:9      | Noticed a two-headed ogre
  9964 | D:9      | Killed a two-headed ogre
 10444 | D:9      | Reached skill level 8 in Long Blades
 10541 | D:10     | Entered Level 10 of the Dungeon
 10554 | D:10     | Noticed a two-headed ogre
 10577 | D:9      | Killed a two-headed ogre
 10746 | D:10     | Noticed Sonja
 10764 | D:10     | Killed Sonja
 10765 | D:10     | Gained mutation: You have large cloven feet. [demonic
                  | ancestry]
 10765 | D:10     | Reached XP level 11. HP: 51/81 MP: 11/11
 10906 | D:10     | Found a basalt altar of Yredelemnul.
 11432 | D:10     | Noticed a two-headed ogre
 11447 | D:10     | Reached *** piety under Wu Jian
 11490 | D:10     | Reached skill level 5 in Shields
 11616 | D:10     | Found a staircase to the Orcish Mines.
 11947 | D:10     | Found a bloodstained altar of Trog.
 11958 | D:10     | Found a sacrificial altar of Ru.
 12008 | D:10     | Killed a two-headed ogre
 12087 | D:11     | Noticed Erolcha
 12721 | D:11     | Noticed a five-headed hydra
 12805 | D:11     | Reached skill level 9 in Long Blades
 12860 | D:11     | Killed Erolcha
 13115 | D:11     | Noticed a six-headed hydra
 13124 | D:11     | Killed a five-headed hydra
 13222 | D:11     | Noticed a boulder beetle
 13229 | D:11     | Mangled by a boulder beetle

Illustrated notes

Levels and vault maps discovered:
D:1:      beargit_arrival_greenhouse, layout_loops_ring
D:2:      layout_basic, guppyfry_early_lair_pool
D:3:      layout_loops_ring, nicolae_dithmenos_the_darkroom
D:4:      minmay_bubble_buster, layout_rooms, elyvilon_altar_1,
          nicolae_overflow_squiral, grunt_ministairs_9
D:5:      layout_rooms, grunt_ministairs_6, uniq_crazy_yiuf_cottage
D:6:      cheibrodos_helix_gallery, layout_loops_cross, uniq_menkaure
D:7:      layout_basic, temple_statues, serial_shops, shop,
          biasface_ghost_orc_armoury, uniq_pikel, uniq_duvessa
D:8:      layout_rooms
D:9:      layout_irregular_city, zin_academy, due_lair_maze_entry_diamond
D:10:     layout_rooms, mainiacjoe_overflow_six_doors_small,
          amethyst_overflow_temple_binary, hiddenorc1_lemuel,
          lemuel_another_geyser, uniq_sonja
D:11:     hangedman_cross_veins, layout_basic, gammafunk_ghost_smash,
          uniq_erolcha
Temple:   jpeg_temple_clearing
Lair:1:   layout_cave_shapes, lemuel_fruit_tree

Skill      XL: |  1  2  3  4  5  6  7  8  9 10 11 |
---------------+----------------------------------+-----
Axes           | 2 3 4 |  4.1
Shields        | 3 4 5 |  5.5
Armour         | 3 4 5 6 7 |  7.2
Stealth        | 1 2 3 4 5 6 7 |  7.6
Long Blades    | 1 3 5 6 8 9 |  9.4
Evocations     | 1 2 4 5 6 7 |  7.5
Fighting       | 4 5 6 |  6.8
Throwing       | 1 |  1.9
Dodging        | 1 2 |  2.4

Action                   |  1- 3 |  4- 6 |  7- 9 | 10-12 || total
-------------------------+-------+-------+-------+-------++-------
Melee: War axe           |   118 |    12 |       |       ||   130
       Falchion          |       |    86 |   158 |   323 ||   567
       Kick              |       |       |       |    62 ||    62
       Scimitar          |       |       |       |     3 ||     3
Throw: Boomerang         |     3 |     8 |    12 |       ||    23
Invok: Lunge             |       |       |    27 |    44 ||    71
       Whirlwind         |       |       |     3 |    51 ||    54
 Abil: Wall Jump         |       |       |       |    25 ||    25
Evoke: Wand              |       |     1 |       |     3 ||     4
  Use: Potion            |     3 |     3 |     3 |     1 ||    10
       Scroll            |     8 |     2 |     5 |     3 ||    18
 Stab: Sleeping          |       |       |     1 |     3 ||     4
       Distracted        |       |       |     1 |     1 ||     2
Armor: Scale mail        |    15 |       |       |       ||    15
       Chain mail        |    79 |    47 |    90 |   131 ||   347
Dodge: Dodged            |    47 |    35 |    52 |    91 ||   225
Block: Buckler           |    29 |    30 |    51 |   107 ||   217

Table legend: (Time is in decaauts)
 A = Elapsed time spent in this place.
 B = Non-inter-level travel time spent in this place.
 C = Inter-level travel time spent in this place.
 D = Time resting spent in this place.
 E = Time spent auto-exploring this place.
 F = Levels seen in this place.
 G = Mean time per level.
                   A        B        C        D        E       F      G
               +--------+--------+--------+--------+--------+-----+--------+
         Total |  13387 |  13159 |    228 |   3379 |   6050 |  13 | 1029.8 |
       Dungeon |  13354 |  13126 |    228 |   3379 |   6043 |  11 | 1214.0 |
        Temple |     31 |     31 |      0 |      0 |      7 |   1 |   31.0 |
          Lair |      1 |      1 |      0 |      0 |      0 |   1 |    1.0 |
               +--------+--------+--------+--------+--------+-----+--------+

Top non-repeatable levels by time:
     D:7: 1760 daAuts
    D:10: 1496 daAuts
     D:3: 1407 daAuts
     D:9: 1374 daAuts
     D:2: 1170 daAuts
     D:8: 1085 daAuts
     D:1: 1084 daAuts
     D:6: 1045 daAuts
    D:11: 1032 daAuts
     D:5: 1008 daAuts
     D:4: 889 daAuts
  Temple: 31 daAuts
  Lair:1: 1 daAuts
